 Dungeon Crawl Stone Soup version 0.25-a0-410-g53dbb631d1 (webtiles) character file.

Game seed: 11062355960613564296, levelgen mode: deterministic

9 Enkuryo the Grave Robber (level 2, -1/15 HPs)
             Began as a Deep Elf Necromancer on Jan 13, 2020.
             Slain by a kobold
             ... wielding a +0 whip
              (2 damage)
             ... on level 1 of the Dungeon.
             The game lasted 00:08:29 (858 turns).

Enkuryo the Grave Robber (Deep Elf Necromancer)      Turns: 858, Time: 00:08:29

Health: -1/15      AC:  5    Str:  5    XL:     2   Next: 6%
Magic:  7/8        EV: 13    Int: 19    God:
Gold:   48         SH:  0    Dex: 15    Spells: 5/7 levels left

rFire    . . .     SeeInvis .   (no weapon)
rCold    . . .     Gourm    .   (no shield)
rNeg     . . .     Faith    .   a - +0 robe
rPois    .         Spirit   .   d - +2 hat
rElec    .         Reflect  .   (no cloak)
rCorr    .         Harm     .   e - +0 pair of gloves
MR       .....                  (no boots)
Stlth    ++........             (no amulet)
HPRegen  0.05/turn              (no ring)
MPRegen  0.11/turn              (no ring)

@: no status effects
A: no striking features
a: no special abilities


You were on level 1 of the Dungeon.
You were not hungry.

You visited 1 branch of the dungeon, and saw 1 of its levels.

You collected 48 gold pieces.

Inventory:

Armour
 a - a +0 robe (worn)
 d - a +2 hat (worn)
 e - a +0 pair of gloves (worn)
Comestibles
 c - 3 rations


   Skills:
 + Level 2.4 Dodging
 + Level 2.5 Stealth
 + Level 3.1 Spellcasting
 + Level 5.3 Necromancy


You had 5 spell levels left.
You knew the following spells:

 Your Spells              Type           Power        Failure   Level  Hunger
a - Pain                  Necr           ###.         1%          1    None
b - Animate Skeleton      Necr           N/A          1%          1    None

Your spell library contained the following spells:

 Spells                   Type           Power        Failure   Level  Hunger
 Vampiric Draining        Necr           ###.......   4%          3    ###....
 Animate Dead             Necr           N/A          17%         4    ####...
 Agony                    Necr           ###.....     43%         5    ######.


Dungeon Overview and Level Annotations

Branches:
Dungeon (1/15)

Altars:


Message History

The goblin closely misses you.
There are monsters nearby!
There are monsters nearby!
There are monsters nearby!
There are monsters nearby!
There are monsters nearby!
Unknown command.
The goblin hits you but does no damage.
The kobold hits you but does no damage. x2
The goblin hits you but does no damage. x2
The goblin barely misses you. The kobold hits you but does no damage.
Your rat skeleton barely misses the kobold.
The kobold closely misses you. The goblin closely misses you.
The goblin hits you but does no damage. The kobold misses you.
The goblin barely misses you.
Your rat skeleton barely misses the kobold.
The kobold hits you but does no damage. The goblin closely misses you.
The goblin hits you with a +0 club.
* * * LOW HITPOINT WARNING * * *
The kobold hits you with a +0 whip.
You die...

#####......## ............ ####
...........#### ...#
..............# ...#
..............# ...#
..............# ...#
.......gg.....# ...# #@gw....# .#
..##############KKZ....## ..#
........................##..#####
..###...####.###.......###.......
..###...# #.# #####.(.........##
.....^..# #.# ####.............
..##....# #.# #..............##
......### #.# #.##...(........#
......# #.# # #.........(..#


You could see a dart slug, 3 goblins, 2 kobolds and a friendly rat skeleton.

Vanquished Creatures
  A dart slug (D:1)
  A goblin (D:1)
  A kobold (D:1)
  A bat (D:1)
  A frilled lizard (D:1)
  4 rats (D:1)
9 creatures vanquished.

Notes
Turn   | Place    | Note
-------+----------+-------------------------------------------
     0 | D:1      | Enkuryo the Deep Elf Necromancer began the quest for the
                  | Orb.
     0 | D:1      | Reached XP level 1. HP: 10/10 MP: 6/6
     3 | D:1      | Learned a level 1 spell: Animate Skeleton
   214 | D:1      | Reached skill level 5 in Necromancy
   789 | D:1      | Reached XP level 2. HP: 15/15 MP: 6/8
   858 | D:1      | Slain by a kobold

Levels and vault maps discovered:
D:1:      wheals_arrival_linesprint, layout_basic, st_stairs_4,
          serial_bayou_crossing

Skill      XL: |  1 |
---------------+----+-----
Necromancy     | 5 |  5.3
Dodging        | |  2.4
Stealth        | |  2.5
Spellcasting   | |  3.1

Action                   || total
-------------------------++-------
Melee: Unarmed           ||     3
 Cast: Pain              ||    13
       Animate Skeleton  ||     4
  Use: Scroll            ||     2
Armor: Robe              ||    19
Dodge: Dodged            ||    29

Table legend:
 A = Non-vault XP
 B = Vault XP
 C = Vault XP percentage of total XP
 D = Non-vault monster count
 E = Vault monster count
 F = Vault count percentage of total count
                 A         B        C        D         E       F
            +---------+---------+-------+---------+---------+-------
      Total |      12 |       2 |  14.3 |       7 |       2 |  22.2
            +---------+---------+-------+---------+---------+-------
        D:1 |      12 |       2 |  14.3 |       7 |       2 |  22.2
            +---------+---------+-------+---------+---------+-------
